 Dungeon Crawl Stone Soup version 0.29-a0-676-ga64570c9d2 (webtiles) character file.

Game seed: 8262837402304683046

44 zeratav the Stinger (level 3, -5/24 HPs)
             Began as a Formicid Venom Mage on June 24, 2022.
             Slain by Natasha (8 damage)
             ... on level 3 of the Dungeon.
             The game lasted 00:02:19 (1801 turns).

zeratav the Stinger (Formicid Venom Mage)           Turns: 1801, Time: 00:02:20

Health: -5/24      AC:  2    Str: 14    XL:     3   Next: 87%
Magic:  5/6        EV: 12    Int: 14    God:
Gold:   87         SH:  0    Dex: 14    Spells: 5/6 levels left

rFire   + . .      SeeInvis +   e - +0 dagger {short}
rCold   . . .      Faith    .   (no shield)
rNeg    . . .      Spirit   .   a - +0 robe
rPois   .          Reflect  .   (helmet unavailable)
rElec   .          Harm     .   (no cloak)
rCorr   .          Rampage  .   (no gloves)
Will    .....                   (no boots)
Stlth   ++........              (no amulet)
HPRegen 0.08/turn               l - ring of protection from fire
MPRegen 0.10/turn               (no ring)

@: no status effects
A: permanent stasis, dig shafts and tunnels, antennae 3, four strong arms
a: Dig, Shaft Self


You were on level 3 of the Dungeon.
You visited 1 branch of the dungeon, and saw 3 of its levels.

You collected 111 gold pieces.
You spent 24 gold pieces at shops.


Innate Abilities, Weirdness & Mutations

You cannot be hasted, slowed, berserked, paralysed or teleported.
You can dig through walls and to a lower floor.
You have a pair of large antennae on your head. (SInv)
Your four strong arms can wield two-handed weapons with a shield.


   Skills:
 - Level 1.7 Dodging
 - Level 2.4 Stealth
 - Level 2.1 Spellcasting
 - Level 1.1 Transmutations
 + Level 6.0 Poison Magic


You had 5 spell levels left.
You knew the following spells:

 Your Spells              Type           Power      Damage    Failure   Level
a - Sting                 Tmut/Pois      44%        1d5       5%          1

Your spell library contained the following spells:

 Spells                   Type           Power      Damage    Failure   Level
 Poisonous Vapours        Pois/Air       18%        N/A       11%         2
 Olgreb's Toxic Radiance  Pois           18%        N/A       19%         4
 Wereblood                Tmut           4%         N/A       22%         2
 Mephitic Cloud           Conj/Pois/Air  7%         N/A       30%         3
 Sublimation of Blood     Necr           1%         N/A       34%         2
 Summon Hydra             Summ           0%         N/A       100%        7

Inventory:

Hand Weapons
 e - a +0 dagger (weapon) {short}
   (You took it off a goblin on level 1 of the Dungeon)
Missiles
 d - 2 boomerangs of dispersal {=fthrowing}
Armour
 a - a +0 robe (worn)
 i - a +0 pair of gloves
   (You found it on level 1 of the Dungeon)
Jewellery
 f - an amulet of faith {!P}
   (You found it on level 1 of the Dungeon)
 l - a ring of protection from fire (left hand)
   (You found it on level 2 of the Dungeon)
Scrolls
 g - 2 scrolls of identify {@r1}
 j - a scroll of fog
 m - a scroll of enchant armour {unknown}
Potions
 c - a potion of might {unknown}
 h - a potion of heal wounds {unknown}
 k - a potion of flight {unknown}

Dungeon Overview and Level Annotations

Branches:
Dungeon (3/15) Zot: 16182

Altars:

Shops:
D:2 *

Annotations:
D:3 Natasha

#.....# ##..# #.....#
..##.## #.....# ...##..#
#.....# ....##..##
#.....###.....##...########
#...)...5.....+............
####'####.....##.#.########
#.# ?...##.#.##### #.#
...##@#.....# #.#
####h##....# #.# ##'##....#
#.# #...#....##### #.#
#######...##...#...# #r#
#.....'...+....'...+ #.#
#.#####...###..#...# #.#
#.# #...# ##.#...# #.# #.#
#...# #^#...#


You could see Natasha (poisoned).


Message History

Natasha stares at you and mumbles some strange words.
Your stasis prevents you from being slowed.
MP[+1] Natasha growls.
HP[+1]
There is an open door here.
You close the door.
Natasha opens the door.
MP[+1] Natasha stares at you and mumbles some strange words.
The magic dart hits you.
* * * LOW HITPOINT WARNING * * *
HP[-5]
You take 5 damage, and now have 8/24 hp.
MASSIVE DAMAGE!! (PAUSE) Natasha casts a spell at you.
You resist with some effort.
Natasha stares at you and mumbles some strange words.
You resist with some effort.
There is an open door here.
HP[+1] MP[+1]
Your mp is fully restored (6).
You close the door.
Natasha opens the door.
There is an open door here.
Natasha stares at you and mumbles some strange words.
Your stasis prevents you from being slowed.
You close the door.
Natasha opens the door.
Casting: Sting (safe; 5% risk of failure)
Confirm with . or Enter, or press ? or * to list all spells.
Aiming: Sting (safe; 5% risk of failure)
Press: ? - help, Shift-Dir - straight line, f - rat
Aim: a rat (71% to hit)
The sting hits the rat.
The rat is poisoned.
You kill the rat!
MP[-1]
You lost 1 mp, and now have 5/6 mp.
Natasha attacks as you move away! Natasha barely misses you.
Natasha misses you.
Casting: Sting (safe; 5% risk of failure)
Confirm with . or Enter, or press ? or * to list all spells.
Aiming: Sting (safe; 5% risk of failure)
Press: ? - help, Shift-Dir - straight line, f - Natasha
Aim: Natasha (64% to hit)
The sting hits Natasha.
Natasha is poisoned.
Natasha closely misses you.
MP[-1]
You lost 1 mp, and now have 4/6 mp.
Casting: Sting (safe; 5% risk of failure)
Confirm with . or Enter, or press ? or * to list all spells.
Aiming: Sting (safe; 5% risk of failure)
Press: ? - help, Shift-Dir - straight line, f/p - Natasha
Aim: Natasha (lightly wounded, poisoned, 64% to hit)
The sting misses Natasha.
Natasha claws you.
* * * LOW HITPOINT WARNING * * *
HP[-4] MP[-1]
You take 4 damage, and now have 5/24 hp.
You lost 1 mp, and now have 3/6 mp.
Casting: Sting (safe; 5% risk of failure)
Confirm with . or Enter, or press ? or * to list all spells.
Aiming: Sting (safe; 5% risk of failure)
Press: ? - help, Shift-Dir - straight line, f/p - Natasha
Aim: Natasha (moderately wounded, poisoned, 64% to hit)
The sting hits Natasha but does no damage.
Natasha looks even sicker.
Natasha claws you.
* * * LOW HITPOINT WARNING * * *
HP[-2] MP[-1]
You take 2 damage, and now have 3/24 hp.
You lost 1 mp, and now have 2/6 mp.
Casting: Sting (safe; 5% risk of failure)
Confirm with . or Enter, or press ? or * to list all spells.
Aiming: Sting (safe; 5% risk of failure)
Press: ? - help, Shift-Dir - straight line, f/p - Natasha
Aim: Natasha (moderately wounded, very poisoned, 64% to hit)
The sting hits Natasha.
Natasha looks even sicker.
Natasha claws you but does no damage.
MP[-1]
You lost 1 mp, and now have 1/6 mp.
Casting: Sting (safe; 5% risk of failure)
Confirm with . or Enter, or press ? or * to list all spells.
Aiming: Sting (safe; 5% risk of failure)
Press: ? - help, Shift-Dir - straight line, f/p - Natasha
Aim: Natasha (heavily wounded, very poisoned, 64% to hit)
The sting hits Natasha.
Natasha looks as sick as possible!
Natasha drinks a potion.
Natasha is healed!
Natasha looks more healthy.
MP[-1]
You lost 1 mp, and now have 0/6 mp.
Casting: Sting (safe; 5% risk of failure)
Confirm with . or Enter, or press ? or * to list all spells.
Okay, then.
Magic courses through your body. Natasha closely misses you.
MP[+6]
Your mp is fully restored (6).
Casting: Sting (safe; 5% risk of failure)
Confirm with . or Enter, or press ? or * to list all spells.
Aiming: Sting (safe; 5% risk of failure)
Press: ? - help, Shift-Dir - straight line, f - Natasha
Aim: Natasha (heavily wounded, 64% to hit)
The sting hits Natasha.
Natasha is poisoned.
Natasha claws you!
You die...

Skill      XL: |  1  2  3 |
---------------+----------+-----
Poison Magic   | 5 6 |  6.0
Dodging        | |  1.7
Stealth        | |  2.4
Spellcasting   | |  2.1
Transmutations | |  1.1

Action                   || total
-------------------------++-------
Melee: Unarmed           ||     1
       Dagger            ||    10
 Cast: Sting             ||    57
  Use: Scroll            ||     1
       Potion            ||     1
Armor: Robe              ||     7
Dodge: Dodged            ||    20

Levels and vault maps discovered:
D:1:      scummos_arrival_simple_fountains, layout_loops_ring
D:2:      layout_loops_ring, serial_shops, nicolae_shop_trees,
          serial_bayou_lagoon_b
D:3:      layout_basic, hellmonk_ecumenical_altar_leap_of_faith, minmay_vboxes,
          uniq_natasha, uniq_grinder, uniq_robin

Notes
Turn   | Place    | Note
-------+----------+-------------------------------------------
     0 | D:1      | zeratav the Formicid Venom Mage began the quest for the
                  | Orb.
     0 | D:1      | Reached XP level 1. HP: 13/13 MP: 3/3
     0 | D:1      | magus.rc [v1.9.6]
   420 | D:1      | Reached XP level 2. HP: 19/19 MP: 1/5
   675 | D:1      | Reached skill level 5 in Poison Magic
  1142 | D:2      | You pick up a book of Blood and begin reading...
  1142 | D:2      | You add the spells Sublimation of Blood, Wereblood and
                  | Summon Hydra to your library.
  1314 | D:2      | Found Gywniorph's General Store.
  1322 | D:2      | Bought a scroll of identify for 24 gold pieces
  1357 | D:2      | Reached XP level 3. HP: 24/24 MP: 3/6
  1617 | D:2      | You fall into a shaft and drop 1 floor!
  1617 | D:3      | Found a faded altar of an unknown god.
  1746 | D:3      | Noticed Natasha
  1751 | D:3      | Reached skill level 6 in Poison Magic
  1796 | D:3      | HP: 5/24 [Natasha (4)]
  1801 | D:3      | Slain by Natasha

Vanquished Creatures
  2 adders
  2 bats (D:1)
  3 endoplasms
  A giant cockroach (D:1)
  4 hobgoblins (D:1)
  A quokka (D:2)
  2 ball pythons
  2 frilled lizards
  3 goblins
  A kobold (D:2)
  5 rats
26 creatures vanquished.

Table legend:
 A = Non-vault XP
 B = Vault XP
 C = Vault XP percentage of total XP
 D = Non-vault monster count
 E = Vault monster count
 F = Vault count percentage of total count
                 A         B        C        D         E       F
            +---------+---------+-------+---------+---------+-------
      Total |      64 |       0 |   0.0 |      26 |       0 |   0.0
            +---------+---------+-------+---------+---------+-------
        D:1 |      23 |       0 |   0.0 |      14 |       0 |   0.0
        D:2 |      23 |       0 |   0.0 |       8 |       0 |   0.0
        D:3 |      18 |       0 |   0.0 |       4 |       0 |   0.0
            +---------+---------+-------+---------+---------+-------

Illustrated notes

Table legend:
 A = Kills in this place as a percentage of kills in entire the game.
 B = Kills by you in this place as a percentage of kills by you in the entire game.
 C = Kills by friends in this place as a percentage of kills by friends in the entire game.
 D = Other kills in this place as a percentage of other kills in the entire game.
 E = Experience gained in this place as a percentage of experience gained in the entire game.
 F = Experience gained in this place divided by the number of levels of this place that you have seen.
                   A       B       C       D       E      F
               +-------+-------+-------+-------+-------+----------------------
         Total | 100.0 | 100.0 |   N/A |   N/A | 100.0 |  21.3
       Dungeon | 100.0 | 100.0 |   N/A |   N/A | 100.0 |  21.3
               +-------+-------+-------+-------+-------+----------------------

Table legend: (Time is in decaauts)
 A = Elapsed time spent in this place.
 B = Non-inter-level travel time spent in this place.
 C = Inter-level travel time spent in this place.
 D = Time resting spent in this place.
 E = Time spent auto-exploring this place.
 F = Levels seen in this place.
 G = Mean time per level.
                   A        B        C        D        E       F      G
               +--------+--------+--------+--------+--------+-----+--------+
         Total |   1816 |   1754 |     62 |      0 |   1539 |   3 |  605.3 |
       Dungeon |   1816 |   1754 |     62 |      0 |   1539 |   3 |  605.3 |
               +--------+--------+--------+--------+--------+-----+--------+

Top non-repeatable levels by time:
     D:1: 1115 daAuts
     D:2: 517 daAuts
     D:3: 183 daAuts
